 Dungeon Crawl Stone Soup version 0.26-a0-695-g987792ac36 (webtiles) character file.

Game seed: 11699699294285957581

18235 nemr118 the Destroyer (level 12, -3/75 HPs)
             Began as a Gargoyle Earth Elementalist on Oct 24, 2020.
             Was an Elder of Vehumet.
             Slain by a boulder beetle (47 damage)
             ... on level 2 of the Lair of Beasts on Oct 25, 2020.
             The game lasted 01:20:15 (17634 turns).

nemr118 the Destroyer (GrEE)                       Turns: 17634, Time: 01:20:15

Health: -3/75      AC: 21    Str: 12    XL:     12   Next: 56%
Magic:  7/24       EV: 12    Int: 21    God:    Vehumet [****..]
Gold:   360        SH:  0    Dex:  7    Spells: 7/27 levels left

rFire    . . .     SeeInvis +   x - +7 rapier "Opogemew" {vorpal, +Rage MR+ Dex-4}
rCold    . . .     Faith    .   (no shield)
rNeg     + . .     Spirit   .   D - +0 robe {MR+}
rPois    ∞         Reflect  .   (helmet restricted)
rElec    +         Harm     .   (no cloak)
rCorr    .         Rampage  .   Y - +1 pair of gloves {Dex+3}
MR       ++...                  S - +2 pair of boots
Stlth    ++........             (no amulet)
HPRegen  0.22/turn              n - +4 ring of protection
MPRegen  0.19/turn              L - ring of see invisible

@: no status effects
A: horns 1, clumsy 1, negative energy resistance 1, electricity resistance,
unbreathing, evolution 1, petrification resistance, rot immunity, AC +8
a: Renounce Religion, Evoke Berserk Rage


You were on level 2 of the Lair of Beasts.
You worshipped Vehumet.
Vehumet was greatly pleased with you.
You visited 2 branches of the dungeon, and saw 12 of its levels.
You also visited: Ossuary.

You collected 700 gold pieces.
You spent 340 gold pieces at shops.

Inventory:

Hand Weapons
 a - a +0 dagger
 q - a +0 quarterstaff
 x - the +7 rapier "Opogemew" (weapon) {vorpal, +Rage MR+ Dex-4}
   (You took it off an orc wizard on level 9 of the Dungeon)

   It inflicts extra damage upon your enemies.
   It affects your dexterity (-4).
   It affects your resistance to hostile enchantments.
   It lets you go berserk.
 F - a +2 mace of holy wrath
 G - the +6 mace "Murmur" {antimagic, rPois rN+ Str+2}
   (You found it on level 5 of the Dungeon)

   It reduces the magical energy of the wielder, and disrupts the spells and
   magical abilities of those hit.
   Natural abilities and divine invocations are not affected.
   It affects your strength (+2).
   It protects you from poison.
   It protects you from negative energy.
 I - a +0 hand axe of flaming
 M - a +0 dagger of speed
 Q - a +4 hand axe of freezing
 R - a +2 flail of holy wrath
Missiles
 b - 38 stones (quivered)
 h - 11 boomerangs
 m - 46 poisoned darts
Armour
 c - a +0 robe
 d - a +0 pair of boots
 s - a +1 leather armour
 C - a +0 buckler
 D - a +0 robe of magic resistance (worn)
 S - a +2 pair of boots (worn)
 Y - a +1 pair of gloves of dexterity (worn)
Magical Staves
 O - an uncursed staff of poison
 T - an uncursed staff of conjuration
Jewellery
 n - a +4 ring of protection (left hand)
 L - a ring of see invisible (right hand)
 P - an uncursed ring of protection from magic
Wands
 j - a wand of flame (39)
 l - a wand of digging (3)
 y - a wand of enslavement (2)
 H - a wand of polymorph (15)
 U - a wand of iceblast (10)
 W - a wand of paralysis (4)
Scrolls
 e - 3 scrolls of blinking
 i - 2 scrolls of acquirement {unknown}
 o - 2 scrolls of identify
 p - 4 scrolls of enchant armour
 t - 2 scrolls of amnesia
 E - 6 scrolls of remove curse
 J - a scroll of teleportation
 K - a scroll of silence {unknown}
 N - 2 scrolls of fog
 V - 2 scrolls of fear {unknown}
Potions
 f - 3 potions of brilliance
 g - 4 potions of cancellation
 k - a potion of haste
 r - 4 potions of curing
 u - a potion of berserk rage
 v - a potion of invisibility
 w - a potion of magic
 z - a potion of flight
 X - a potion of heal wounds
Miscellaneous
 A - a lightning rod (4/4)
 B - a condenser vane (2/2)


   Skills:
 + Level 8.8 Fighting
 + Level 8.9 Armour
 - Level 1.5 Dodging
 - Level 2.1 Stealth
 + Level 6.0 Shields
 + Level 8.3 Spellcasting
 * Level 12.2 Conjurations
 - Level 0.7 Transmutations
 - Level 9.2 Earth Magic


You had 7 spell levels left.
You knew the following spells:

 Your Spells              Type           Power        Failure   Level
a - Sandblast             Erth           #####.       1%          1
b - Stone Arrow           Conj/Erth      ######       1%          3
c - Lee's Rapid Deconstr  Erth           #####.....   1%          5
d - Passwall              Tmut/Erth      ####....     1%          2
e - Iron Shot             Conj/Erth      ######....   4%          6
f - Mephitic Cloud        Conj/Pois/Air  ####....     1%          3

Your spell library contained the following spells:

 Spells                   Type           Power        Failure   Level
 Olgreb's Toxic Radiance  Pois           #.......     19%         4
 Shock                    Conj/Air       ####         1%          1
 Conjure Flame            Conj/Fire      ####....     1%          3
 Static Discharge         Conj/Air       ####....     1%          3
 Lightning Bolt           Conj/Air       ####......   4%          5
 Animate Skeleton         Necr           #.....       8%          1
 Apportation              Tloc           #.....       8%          1
 Corona                   Hex            #......      8%          1
 Summon Small Mammal      Summ           #...         8%          1
 Petrify                  Tmut/Erth      ####....     10%         4
 Poisonous Vapours        Pois/Air       #.....       12%         2
 Swiftness                Air            #.......     12%         2
 Airstrike                Air            #.........   19%         4
 Freezing Cloud           Conj/Ice/Air   ####......   47%         6


Dungeon Overview and Level Annotations

Branches:
Dungeon (10/15)            Temple (0/1) D:4            Lair (2/6) D:9
Ossuary (visited)
  Swamp: Lair:2-4    Shoals: Lair:2-4     Snake: Lair:2-4    Spider: Lair:2-4
    Orc: D:9-12

Altars:
Dithmenos
Gozag
Hepliaklqana
Kikubaaqudgha
Nemelex Xobeh
Ru
Vehumet

Shops:
D:6 *   D:8 *


Innate Abilities, Weirdness & Mutations

You are resistant to torment.
Your stone body is resilient. (AC +8)
You are immune to poison.
You resist negative energy. (rN+)
You are resistant to electric shocks. (rElec)
You can survive without breathing.
You are immune to petrification.
You are immune to rotting.
You have a pair of small horns on your head.
You are clumsy. (Dex -2)
You evolve.


Message History

The boulder beetle is heavily wounded.
The boulder beetle bites you but does no damage.
The worm barely misses you.
You hit the boulder beetle but do no damage.
The boulder beetle is heavily wounded.
The boulder beetle bites you but does no damage.
The worm bites you but does no damage.
You hit the boulder beetle.
The boulder beetle is heavily wounded.
The boulder beetle bites you!! The boulder beetle closely misses you.
You hit the boulder beetle but do no damage.
The boulder beetle is heavily wounded.
The worm bites you. The boulder beetle bites you!
The boulder beetle curls into a ball and begins rolling!
The boulder beetle hits you but does no damage.
The boulder beetle stops rolling and uncurls.
The boulder beetle curls into a ball and begins rolling!
The boulder beetle hits you!!!
Ouch! That really hurt!
You die...

#..............#..#
#......)..........#
##...............<.##
#...................##
#...................###
#.....................# ##
#...<............#.P#####.[.
#....#.###...†.##...#....<..
#.##B.#.##.....@B.......# #.
#.....#.....PP○......#. #
#............#°..........
##...........##°......#...
#....................## .. #
###w.###..>..#..####.# .
##..##...#P.....P..†P#P.#
#........................
#.....[...................


You could see a boulder beetle.

Vanquished Creatures
  3 hydras
  2 two-headed ogres (D:9)
  The ghost of synesthesia the Cleaver, a novice MiFi of Okawaru (D:7)
  A lindwurm (shapeshifter) (D:9)
  A deep elf mage (D:9)
  An oklob plant (Lair:1)
  An ugly thing (D:9)
  A komodo dragon (Lair:1)
  An efreet (D:9)
  A troll (D:9)
  Grinder (D:3)
  11 blink frogs
  21 yaks
  Eustachio (D:5)
  A wraith (D:9)
  3 wargs (D:9)
  A vampire mosquito (D:9)
  2 water moccasins (Lair:1)
  4 orc warriors
  2 sky beasts
  4 ice beasts
  A black bear (D:9)
  An ogre (D:8)
  A phantom (D:4)
  A necrophage (D:8)
  6 centaurs
  3 wolves (Lair:1)
  4 bullfrogs
  3 scorpions
  A wyvern skeleton (D:9)
  14 killer bees
  19 wights
  A bullfrog zombie (D:9)
  6 hounds
  A centaur skeleton (D:8)
  4 iguanas
  13 orc priests
  A bullfrog skeleton (D:4)
  2 jellies
  11 orc wizards
  7 worker ants
  2 killer bee zombies
  6 big kobold zombies (Ossuary)
  A hound zombie (D:7)
  3 hound skeletons
  A mummy (Ossuary)
  A worker ant zombie (D:5)
  12 adders
  2 gnolls
  A river rat (D:4)
  3 shadow imps
  2 ufetubi
  9 oozes
  An adder zombie (D:5)
  3 adder skeletons
  3 worms
  A dart slug (D:1)
  7 leopard geckos
  32 orcs
  A spectral bat (Ossuary)
  5 bats
  9 giant cockroaches
  7 goblins
  10 hobgoblins
  18 jackals
  10 quokkas
  3 bat simulacra (Ossuary)
  5 frilled lizards
  6 gnoll zombies (Ossuary)
  4 goblin simulacra (Ossuary)
  3 goblin zombies (Ossuary)
  4 hobgoblin zombies (Ossuary)
  A jackal zombie (D:8)
  13 kobolds
  2 kobold simulacra (Ossuary)
  5 kobold zombies (Ossuary)
  2 leopard gecko skeletons
  6 orc zombies (Ossuary)
  A quokka skeleton (D:4)
  A quokka zombie (D:7)
  10 rats
  2 rat simulacra (Ossuary)
  3 spectral goblins (Ossuary)
  A spectral kobold (Ossuary)
  3 spectral rats (Ossuary)
389 creatures vanquished.

Vanquished Creatures (others)
  A golden eye (shapeshifter) (D:9)
  A human (D:7)
  7 fungi
  8 plants
  7 toadstools (D:2)
24 creatures vanquished.

Grand Total: 413 creatures vanquished

Notes
Turn   | Place    | Note
-------+----------+-------------------------------------------
     0 | D:1      | nemr118 the Gargoyle Earth Elementalist began the quest for
                  | the Orb.
     0 | D:1      | Reached XP level 1. HP: 10/10 MP: 3/3
   144 | D:1      | Reached XP level 2. HP: 9/15 MP: 1/5
   622 | D:1      | Reached XP level 3. HP: 19/19 MP: 4/6
   662 | D:1      | Reached skill level 5 in Earth Magic
  1327 | D:2      | Learned a level 3 spell: Stone Arrow
  1405 | D:2      | Reached XP level 4. HP: 23/24 MP: 1/7
  1430 | D:2      | Reached skill level 1 in Conjurations
  1645 | D:2      | Reached XP level 5. HP: 28/28 MP: 6/8
  1881 | D:2      | Found a radiant altar of Vehumet.
  1946 | D:2      | Became a worshipper of Vehumet
  2199 | D:2      | Reached skill level 2 in Conjurations
  2488 | D:3      | Noticed Grinder
  2494 | D:3      | Paralysed by Grinder for 4 turns
  2501 | D:3      | Killed Grinder
  2501 | D:3      | Reached skill level 3 in Conjurations
  2501 | D:3      | Reached XP level 6. HP: 31/32 MP: 4/11
  3244 | D:3      | Learned a level 5 spell: Lee's Rapid Deconstruction
  3670 | D:4      | Found a staircase to the Ecumenical Temple.
  3699 | D:4      | Reached * piety under Vehumet
  3699 | D:4      | Offered knowledge of Shock by Vehumet.
  3731 | D:4      | Noticed a phantom
  3775 | D:4      | Killed a phantom
  3775 | D:4      | Reached skill level 1 in Armour
  3775 | D:4      | Reached XP level 7. HP: 16/37 MP: 1/12
  3999 | D:4      | Found a sand-covered staircase.
  4004 | Ossuary  | Entered an ossuary
  4138 | Ossuary  | Reached skill level 1 in Fighting
  4878 | Ossuary  | Offered knowledge of Freeze by Vehumet.
  4882 | Ossuary  | Reached ** piety under Vehumet
  5957 | D:4      | Offered knowledge of Inner Flame by Vehumet.
  6219 | D:4      | Reached skill level 4 in Conjurations
  6224 | D:4      | Reached XP level 8. HP: 39/44 MP: 4/14
  6478 | D:5      | Entered Level 5 of the Dungeon
  6531 | D:5      | Got a jewelled mace
  6532 | D:5      | Identified the +6 mace "Murmur" {antimagic, rPois rN+
                  | Str+2} (You found it on level 5 of the Dungeon)
  6746 | D:5      | Noticed Eustachio
  6764 | D:5      | Killed Eustachio
  6947 | D:5      | Reached *** piety under Vehumet
  7068 | D:5      | Learned a level 2 spell: Passwall
  7092 | D:5      | Found a sparkling altar of Nemelex Xobeh.
  8177 | D:6      | Found Sydof's Assorted Antiques.
  8310 | D:6      | Reached skill level 5 in Conjurations
  8310 | D:6      | Reached XP level 9. HP: 51/51 MP: 14/16
  8631 | D:6      | Found a sparkling altar of Nemelex Xobeh.
  8899 | D:7      | Offered knowledge of Sticky Flame by Vehumet.
  9032 | D:7      | Reached skill level 5 in Spellcasting
  9204 | D:7      | Reached skill level 6 in Conjurations
  9569 | D:7      | Found a runed translucent door.
  9570 | D:7      | Noticed synesthesia's ghost (novice MiFi)
  9582 | D:7      | HP: 2/52 [synesthesia's ghost (4)]
  9583 | D:7      | Killed synesthesia's ghost
  9583 | D:7      | Reached skill level 5 in Fighting
  9583 | D:7      | Reached skill level 5 in Armour
  9583 | D:7      | Reached skill level 7 in Conjurations
  9917 | D:7      | Reached **** piety under Vehumet
 10199 | D:7      | Reached XP level 10. HP: 34/59 MP: 10/18
 10207 | D:7      | Offered knowledge of Dazzling Flash by Vehumet.
 10543 | D:7      | Found an ancient bone altar of Kikubaaqudgha.
 10746 | D:8      | Found a flagged portal.
 10908 | D:8      | Reached skill level 8 in Conjurations
 10972 | D:8      | Found a hazy altar of Hepliaklqana.
 10974 | D:8      | Found an ancient bone altar of Kikubaaqudgha.
 11547 | D:8      | Found Rytrudd's Assorted Antiques.
 11550 | D:8      | Bought a gnarled runed staff for 240 gold pieces
 11550 | D:8      | Bought a runed copper ring for 100 gold pieces
 11564 | D:8      | Gained mutation: You are clumsy. (Dex -2) [potion of
                  | mutation]
 11564 | D:8      | Gained mutation: You evolve. [potion of mutation]
 12078 | D:9      | Reached ***** piety under Vehumet
 12078 | D:9      | Offered knowledge of Iron Shot by Vehumet.
 12092 | D:9      | Learned a level 6 spell: Iron Shot
 12169 | D:9      | Reached skill level 1 in Shields
 12179 | D:9      | Reached skill level 9 in Conjurations
 12491 | D:9      | Found a sacrificial altar of Ru.
 12940 | D:9      | Found a runed translucent door.
 12940 | D:9      | Noticed a seven-headed hydra
 12940 | D:9      | Noticed a deep elf mage
 12941 | D:9      | Found a runed translucent door.
 12942 | D:9      | Found a runed translucent door.
 12950 | D:9      | Killed a seven-headed hydra
 12950 | D:9      | Reached XP level 11. HP: 56/66 MP: 3/21
 13175 | D:9      | Found a staircase to the Lair.
 13210 | D:9      | Reached skill level 10 in Conjurations
 13442 | D:9      | Killed a deep elf mage
 13487 | D:9      | Gained mutation: You have a pair of small horns on your
                  | head. [evolution]
 13602 | D:9      | Noticed a two-headed ogre
 13608 | D:9      | Killed a two-headed ogre
 13737 | D:9      | Found a shadowy altar of Dithmenos.
 13737 | D:9      | Found an opulent altar of Gozag.
 14523 | D:9      | Noticed a green ugly thing
 14527 | D:9      | Identified the +7 rapier "Opogemew" {vorpal, +Rage MR+
                  | Dex-4}
 14528 | D:9      | Noticed a harpy
 14529 | D:9      | Noticed a two-headed ogre
 14542 | D:9      | Killed a green ugly thing
 14546 | D:9      | Noticed an orb spider
 14546 | D:9      | a harpy changed into an orb spider
 14547 | D:9      | Noticed a fire crab
 14547 | D:9      | an orb spider changed into a fire crab
 14548 | D:9      | Killed a two-headed ogre
 14576 | D:9      | Noticed a manticore
 14921 | D:9      | Noticed a lindwurm
 14925 | D:9      | Killed a lindwurm
 15012 | D:9      | Reached skill level 11 in Conjurations
 15135 | D:9      | Learned a level 3 spell: Mephitic Cloud
 15150 | D:9      | Upgraded the game from 0.26-a0-690-gcb57259078 to
                  | 0.26-a0-695-g987792ac36
 15360 | Lair:1   | Entered Level 1 of the Lair of Beasts
 15545 | D:10     | Entered Level 10 of the Dungeon
 15922 | Lair:1   | Noticed an eight-headed hydra
 15926 | Lair:1   | Killed an eight-headed hydra
 15926 | Lair:1   | Reached skill level 5 in Shields
 15926 | Lair:1   | Reached XP level 12. HP: 73/73 MP: 13/23
 16156 | Lair:1   | Noticed a four-headed hydra
 16162 | Lair:1   | Killed a four-headed hydra
 16267 | Lair:1   | Offered knowledge of Olgreb's Toxic Radiance by Vehumet.
 16726 | Lair:1   | Reached skill level 12 in Conjurations
 17418 | Lair:2   | Noticed a boulder beetle
 17634 | Lair:2   | Slain by a boulder beetle

Illustrated notes

Levels and vault maps discovered:
D:1:      minmay_arrival_shattered_statue, layout_basic
D:2:      cheibrodos_fertilizer, layout_basic, lemuel_coloured_pillars_altar,
          minmay_hexomino_f4
D:3:      layout_basic, uniq_grinder
D:4:      layout_layer_cave, temple_pool_b, enter_ossuary_2,
          portal_sewer_entry_b
D:5:      layout_cave_pods, nicolae_overflow_crystal_walls, serial_column_ruins,
          column_ruins_hut, column_ruins_square_huge, column_ruins_grid_1,
          column_ruins_grid_3, column_ruins_columns_dead_end,
          column_ruins_grid_4, uniq_eustachio
D:6:      layout_loops_ring, serial_shops, nicolae_shop_overgrown_old_shop,
          nemelex_lonely_heart_becter
D:7:      minmay_opposing_rooms, layout_layer_cave,
          ebering_ghost_reflecting_pool, tgw_kikubaaqudgha
D:8:      layout_loops_ring, minitemple, serial_shops, kennysheep_mini,
          enter_bailey_2
D:9:      minmay_the_grid_triangle_9x9_rhombus_full
          [minmay_the_grid_triangle_9x9_fully_insulated_deathbox,
          minmay_the_grid_triangle_9x9_thin_v,
          minmay_the_grid_triangle_9x9_corruption,
          minmay_the_grid_triangle_9x9_zippers_vertical,
          minmay_the_grid_triangle_9x9_stretched_checkered,
          minmay_the_grid_triangle_9x9_impossible_snake,
          minmay_the_grid_triangle_9x9_dagger,
          minmay_the_grid_triangle_9x9_prize_center], layout_loops_cross,
          lemuel_crystal_altar, amethyst_overflow_temple_binary,
          erik_lair_orcish_takeover
D:10:     layout_roguey, worms_lemuel
Lair:1:   layout_chaotic_city, minmay_lair_oklob_items
Lair:2:   layout_regular_city, nicolae_spider_entry_non_spiders,
          nicolae_volcano_entry_s_turn

Skill      XL: |  1  2  3  4  5  6  7  8  9 10 11 12 |
---------------+-------------------------------------+-----
Earth Magic    | 4 5 6 7 9 |  9.2
Conjurations   | 1 3 4 5 7 9 11 12 | 12.2
Spellcasting   | 3 4 5 6 7 8 |  8.3
Armour         | 1 2 3 5 6 8 |  8.9
Fighting       | 2 3 5 6 8 |  8.8
Shields        | 2 5 6 |  6.0
Dodging        | |  1.5
Stealth        | |  2.1
Transmutations | |  0.7

Action                   |  1- 3 |  4- 6 |  7- 9 | 10-12 || total
-------------------------+-------+-------+-------+-------++-------
Melee: Dagger            |    34 |    33 |       |       ||    67
       Quarterstaff      |       |    36 |    61 |       ||    97
       Mace              |       |       |   143 |    62 ||   205
       Staff             |       |       |       |    98 ||    98
       Rapier            |       |       |       |    55 ||    55
       Headbutt          |       |       |       |     7 ||     7
 Cast: Sandblast         |    44 |    51 |   118 |   108 ||   321
       Stone Arrow       |       |    11 |    76 |   186 ||   273
       Lee's Rapid Decon |       |       |     2 |    12 ||    14
       Iron Shot         |       |       |       |     4 ||     4
  Use: Scroll            |       |       |     8 |    12 ||    20
       Potion            |       |       |       |    13 ||    13
 Stab: Sleeping          |       |       |     5 |       ||     5
Armor: Robe              |     7 |    33 |   168 |   145 ||   353
Dodge: Dodged            |    36 |    41 |   254 |   197 ||   528
Block: Buckler           |       |       |       |    21 ||    21

Table legend: (Time is in decaauts)
 A = Elapsed time spent in this place.
 B = Non-inter-level travel time spent in this place.
 C = Inter-level travel time spent in this place.
 D = Time resting spent in this place.
 E = Time spent auto-exploring this place.
 F = Levels seen in this place.
 G = Mean time per level.
                   A        B        C        D        E       F      G
               +--------+--------+--------+--------+--------+-----+--------+
         Total |  17777 |  17368 |    409 |   5890 |   8347 |  13 | 1367.5 |
       Dungeon |  14324 |  13942 |    382 |   4215 |   7171 |  10 | 1432.4 |
          Lair |   2074 |   2047 |     27 |   1238 |    519 |   2 | 1037.0 |
       Ossuary |   1379 |   1379 |      0 |    437 |    657 |   1 | 1379.0 |
               +--------+--------+--------+--------+--------+-----+--------+

Top non-repeatable levels by time:
     D:9: 3503 daAuts
     D:7: 2035 daAuts
  Lair:1: 1972 daAuts
     D:4: 1745 daAuts
     D:2: 1460 daAuts
 Ossuary: 1379 daAuts
     D:8: 1325 daAuts
     D:5: 1227 daAuts
     D:3: 1031 daAuts
     D:1: 1025 daAuts
     D:6: 937 daAuts
  Lair:2: 102 daAuts
    D:10: 33 daAuts
